[Event "XXIX Cracovia 2018"]
[Site "Krakow"]
[Date "2019.01.02"]
[Round "7"]
[White "Kozak, Antoni"]
[Black "Krishnater Kushager"]
[Result "0-1"]
[ECO "A48"]
[WhiteElo "2236"]
[BlackElo "2334"]
[Annotator "NA"]
[PlyCount "60"]
[EventDate "2018.12.27"]
[EventType "swiss"]
[EventCountry "POL"]
[SourceTitle "playchess.com"]
[Source "ChessBase"]
[SourceQuality "1"]
[TimeControl "40/5400+30:1800+30"]

1. d4 Nf6 2. Nf3 g6 3. c4 Bg7 4. e3 O-O 5. Be2 c5 6. d5 d6 7. Nc3 e6 8. O-O exd5 9. cxd5 Bg4 10. h3 Bxf3 11. Bxf3 Nbd7 12. Be2 a6 13. a4 Qe7 14. Re1 Ne4 15. Bd2 Nxd2 16. Qxd2 f5 17. Bf1 Qf7 18. Ne2 g5 19. Ng3 Kh8 20. Bd3 f4 21. exf4 gxf4 22. Nf5 Be5 23. Bc2 Qh5 24. Rxe5 dxe5 25. Nd6 f3 26. Ne4 fxg2 27. Kxg2 Qf3+ 28. Kh2 Rg8 29. Ng5 Rxg5 30. Qxg5 Rg8 0-1

[Event "XXIX Cracovia 2018"]
[Site "Krakow"]
[Date "2019.01.02"]
[Round "7"]
[White "Ustinov, Alexey"]
[Black "Nowicki, Bartosz"]
[Result "0-1"]
[ECO "A64"]
[WhiteElo "2232"]
[BlackElo "2305"]
[Annotator "NA"]
[PlyCount "98"]
[EventDate "2018.12.27"]
[EventType "swiss"]
[EventCountry "POL"]
[SourceTitle "playchess.com"]
[Source "ChessBase"]
[SourceQuality "1"]
[TimeControl "40/5400+30:1800+30"]

1. c4 Nf6 2. Nc3 g6 3. d4 c5 4. d5 Bg7 5. g3 O-O 6. Bg2 d6 7. Nf3 e6 8. O-O exd5 9. cxd5 a6 10. a4 Re8 11. Nd2 Nbd7 12. Nc4 Ne5 13. Na3 Rb8 14. h3 Nh5 15. e4 Bd7 16. a5 Qxa5 17. g4 Nf6 18. g5 Nh5 19. f4 Nc4 20. Nxc4 Qxa1 21. Nxd6 Bxc3 22. bxc3 Qxc3 23. Nxe8 Rxe8 24. Rf3 Qc4 25. e5 Rd8 26. d6 Bc6 27. Rf2 Bxg2 28. Kxg2 b5 29. Be3 Ng7 30. Qc2 Qd5+ 31. Kh2 Ne6 32. Kg3 c4 33. Rd2 Qc6 34. f5 Ng7 35. fxg6 hxg6 36. Rf2 Qd5 37. Qc3 Nf5+ 38. Kf4 Ng7 39. Bb6 Nh5+ 40. Ke3 Rd7 41. Qd4 Qe6 42. Rf3 Ng7 43. Kf2 Nf5 44. Qc5 b4 45. Rf4 b3 46. Qc8+ Kh7 47. Rxc4 b2 48. Rb4 Qa2 49. Kf3 Qa3+ 0-1

[Event "XXIX Cracovia 2018"]
[Site "Krakow"]
[Date "2019.01.02"]
[Round "7"]
[White "Adamczewski, Maciej"]
[Black "Kvaratskhelia, Dimitri"]
[Result "1/2-1/2"]
[ECO "A41"]
[WhiteElo "2080"]
[BlackElo "1996"]
[Annotator "NA"]
[PlyCount "123"]
[EventDate "2018.12.27"]
[EventType "swiss"]
[EventCountry "POL"]
[SourceTitle "playchess.com"]
[Source "ChessBase"]
[SourceQuality "1"]
[TimeControl "40/5400+30:1800+30"]

1. d4 d6 2. Nf3 g6 3. c4 Bg7 4. Nc3 c6 5. h3 e5 6. Bg5 f6 7. Be3 Ne7 8. dxe5 dxe5 9. Qxd8+ Kxd8 10. O-O-O+ Nd7 11. Bc5 Ke8 12. Ba3 f5 13. e3 Bf6 14. Bd6 b6 15. Be2 a6 16. Rd2 e4 17. Nd4 Ne5 18. Na4 Nd7 19. Rhd1 c5 20. Ne6 Ra7 21. g4 Kf7 22. Nc7 fxg4 23. Bxg4 Ne5 24. Bxc8 Rxc8 25. Bxe5 Bxe5 26. Nd5 b5 27. Nac3 Nxd5 28. Rxd5 Bxc3 29. bxc3 bxc4 30. Re5 Re7 31. Rdd5 Rb7 32. Rxe4 Rcb8 33. Kd1 Rb1+ 34. Ke2 R8b2+ 35. Kf3 Rf1 36. Rd7+ Kf6 37. Rd6+ Kf5 38. Rd5+ Kf6 39. Rf4+ Ke6 40. Ke4 Rbxf2 41. Rxf2 Rxf2 42. Rxc5 Rxa2 43. Rxc4 Kd6 44. Kd3 a5 45. Rc8 Rh2 46. Ra8 Rxh3 47. Rxa5 Rg3 48. Kd4 h5 49. c4 h4 50. c5+ Kc6 51. Ra6+ Kb7 52. Ra1 h3 53. e4 g5 54. e5 Rg2 55. e6 Re2 56. Kd5 h2 57. c6+ Kb8 58. Kd6 Rd2+ 59. Ke5 Kc7 60. e7 Re2+ 61. Kf5 Rxe7 62. Rh1 1/2-1/2

[Event "XXIX Cracovia 2018"]
[Site "Krakow"]
[Date "2019.01.02"]
[Round "7"]
[White "Andronescu, Madalin"]
[Black "Warchol, Bartosz"]
[Result "1/2-1/2"]
[ECO "B94"]
[WhiteElo "2070"]
[BlackElo "1975"]
[Annotator "NA"]
[PlyCount "70"]
[EventDate "2018.12.27"]
[EventType "swiss"]
[EventCountry "POL"]
[SourceTitle "playchess.com"]
[Source "ChessBase"]
[SourceQuality "1"]
[TimeControl "40/5400+30:1800+30"]

1. e4 c5 2. Nf3 d6 3. d4 cxd4 4. Nxd4 Nf6 5. Nc3 a6 6. Bg5 Nbd7 7. Qe2 h6 8. Bh4 g6 9. O-O-O e5 10. Nb3 Qc7 11. g4 b5 12. Bg2 Bb7 13. f4 Be7 14. Rhf1 b4 15. Bxf6 Nxf6 16. Nd5 Nxd5 17. exd5 Bf6 18. h4 O-O-O 19. fxe5 Bxe5 20. Nd4 Rhe8 21. Qf3 Re7 22. Qb3 Qc5 23. Nc6 Bxc6 24. dxc6 Rf8 25. Rd5 Qb6 26. a3 a5 27. Qa4 bxa3 28. Qxa3 Kc7 29. Rxa5 Rb8 30. b3 Qe3+ 31. Kb1 Qd4 32. Ra4 Qc3 33. Ra7+ Kd8 34. Rxe7 Rxb3+ 35. cxb3 Qd3+ 1/2-1/2

[Event "XXIX Cracovia 2018"]
[Site "Krakow"]
[Date "2019.01.02"]
[Round "7"]
[White "Jankowiak, Tomasz"]
[Black "Brylski, Pawel"]
[Result "1-0"]
[ECO "C89"]
[WhiteElo "2070"]
[BlackElo "1975"]
[Annotator "NA"]
[PlyCount "83"]
[EventDate "2018.12.27"]
[EventType "swiss"]
[EventCountry "POL"]
[SourceTitle "playchess.com"]
[Source "ChessBase"]
[SourceQuality "1"]
[TimeControl "40/5400+30:1800+30"]

1. e4 e5 2. Nf3 Nc6 3. Bb5 a6 4. Ba4 Nf6 5. O-O Be7 6. Re1 b5 7. Bb3 O-O 8. c3 d5 9. exd5 Nxd5 10. Nxe5 Nxe5 11. Rxe5 c6 12. d3 Bd6 13. Re1 Qh4 14. g3 Qh3 15. Re4 Qf5 16. Bc2 Nf6 17. Bf4 Rd8 18. Rd4 Nd5 19. Bxd6 Rxd6 20. Rh4 Rf6 21. Qe2 Re6 22. Re4 Qh3 23. Nd2 Nf6 24. Rxe6 Bxe6 25. Ne4 Ng4 26. f3 Ne5 27. Ng5 Qf5 28. f4 Ng6 29. d4 Qg4 30. Qxg4 Bxg4 31. Re1 h6 32. Ne4 Be6 33. Nc5 Bd5 34. Bb3 Bxb3 35. axb3 a5 36. f5 Nf8 37. Re7 a4 38. bxa4 bxa4 39. Rc7 a3 40. bxa3 Rxa3 41. Rc8 Ra7 42. Rxc6 1-0

[Event "XXIX Cracovia 2018"]
[Site "Krakow"]
[Date "2019.01.02"]
[Round "7"]
[White "Budnik, Mateusz"]
[Black "Patsia, Zviad"]
[Result "0-1"]
[ECO "B03"]
[WhiteElo "2053"]
[BlackElo "2058"]
[Annotator "NA"]
[PlyCount "114"]
[EventDate "2018.12.27"]
[EventType "swiss"]
[EventCountry "POL"]
[SourceTitle "playchess.com"]
[Source "ChessBase"]
[SourceQuality "1"]
[TimeControl "40/5400+30:1800+30"]

1. e4 Nf6 2. e5 Nd5 3. c4 Nb6 4. d4 d6 5. exd6 cxd6 6. Nf3 g6 7. b3 Bg7 8. Bb2 O-O 9. Be2 Bg4 10. h3 Bxf3 11. Bxf3 Nc6 12. O-O d5 13. c5 Nd7 14. b4 Nxb4 15. Qb3 Nc6 16. Qxd5 e6 17. Qc4 Qh4 18. Bxc6 Ne5 19. Qc2 Nxc6 20. Nd2 Nxd4 21. Bxd4 Qxd4 22. Nb3 Qa4 23. Rac1 Rac8 24. Rfd1 Rfd8 25. Qe2 Rxd1+ 26. Rxd1 Bf8 27. Qf3 Qc6 28. Qxc6 Rxc6 29. Rd7 b6 30. cxb6 axb6 31. Rd2 Kg7 32. g3 Rc4 33. h4 Bb4 34. Re2 h5 35. Kg2 Kf6 36. Nd2 Rc1 37. Ne4+ Ke7 38. Rb2 Ba5 39. Kf3 f5 40. Ng5 e5 41. Kg2 Rc5 42. Nh3 b5 43. Re2 Bc3 44. f3 Bd4 45. Nf4 Kf6 46. Nd3 Rc4 47. Ne1 Rc1 48. Nc2 Bc3 49. Na3 b4 50. Nb5 Ke6 51. Nc7+ Kd6 52. Ne8+ Kd5 53. g4 hxg4 54. fxg4 e4 55. Nc7+ Ke5 56. h5 f4 57. Kh3 Rh1+ 0-1

[Event "XXIX Cracovia 2018"]
[Site "Krakow"]
[Date "2019.01.02"]
[Round "7"]
[White "Kumor, Lukasz"]
[Black "Smal, Tobiasz"]
[Result "0-1"]
[ECO "C14"]
[WhiteElo "2040"]
[BlackElo "1958"]
[Annotator "NA"]
[PlyCount "148"]
[EventDate "2018.12.27"]
[EventType "swiss"]
[EventCountry "POL"]
[SourceTitle "playchess.com"]
[Source "ChessBase"]
[SourceQuality "1"]
[TimeControl "40/5400+30:1800+30"]

1. e4 e6 2. d4 d5 3. Nc3 Nf6 4. Bg5 Be7 5. e5 Nfd7 6. Bxe7 Qxe7 7. f4 a6 8. Nf3 c5 9. Qd2 Nc6 10. dxc5 Nxc5 11. Bd3 b5 12. O-O b4 {[%emt 0:27:45] C14: French: Classical System: 4 Bg5 Be7 main line} (12... Qa7 13. Kh1 O-O 14. a3 Rb8 15. b4 Nd7 16. Ne2 Nb6 17. Ned4 Nxd4 18. Nxd4 Bd7 19. Qf2 Rbc8 20. Qh4 {0-1 (38) Campora,D (2436)-Mammadov,Z (2424) Prague 2017}) 13. Ne2 a5 14. Bb5 Bd7 15. Bxc6 Bxc6 16. Nfd4 $146 ({Predecessor:} 16. Ned4 Bb7 17. f5 Ne4 18. Qf4 g5 19. Qe3 g4 20. Ne1 {1-0 (35) Thieme Garmann,A (2215)-Gruschinski,R Kettig 1999}) 16... Bd7 17. Ng3 O-O 18. Qe3 g6 19. Nh1 f6 20. exf6 Qxf6 21. Rae1 Ne4 22. Ng3 Nd6 23. b3 Rac8 24. Rf2 Rc3 25. Qe5 Qxe5 26. Rxe5 Kf7 27. Rfe2 Re8 28. Re1 Kf6 29. Nge2 Rc7 30. Ng3 Nb5 31. Nxb5 Bxb5 32. Ne4+ dxe4 33. Rxb5 Rxc2 34. Rxa5 Rd8 35. h4 Rd5 36. Ra6 Kf5 37. Kh2 Rdd2 38. Ra5+ Kxf4 39. Rg5 e3 40. Rg3 e2 41. Rf3+ Ke4 42. Kg1 Rd1 43. Kf2 Rxe1 44. Kxe1 e5 45. Rf7 Ke3 46. Rf3+ Kd4 47. Kf2 Rxa2 48. g3 Rb2 49. g4 Ke4 50. Rf7 h5 51. gxh5 gxh5 52. Rh7 Rxb3 53. Kxe2 Rb2+ 54. Kd1 Kd3 55. Rd7+ Ke3 56. Rh7 b3 57. Kc1 Rc2+ 58. Kd1 Rh2 59. Kc1 Rxh4 60. Kb2 e4 61. Kxb3 Ke2 62. Kc3 e3 63. Ra7 Kf1 64. Kd3 e2 65. Rf7+ $19 Ke1 66. Kc2 Rc4+ 67. Kd3 Rc6 68. Ra7 Rf6 69. Re7 Kf1 70. Rxe2 Rd6+ 71. Ke3 Re6+ 72. Kf4 Kxe2 73. Kg5 Rh6 74. Kxh6 h4 0-1

[Event "XXIX Cracovia 2018"]
[Site "Krakow"]
[Date "2019.01.02"]
[Round "7"]
[White "Lada, Ireneusz"]
[Black "Popescu, Florin"]
[Result "0-1"]
[ECO "A10"]
[WhiteElo "1944"]
[BlackElo "2099"]
[Annotator "NA"]
[PlyCount "50"]
[EventDate "2018.12.27"]
[EventType "swiss"]
[EventCountry "POL"]
[SourceTitle "playchess.com"]
[Source "ChessBase"]
[SourceQuality "1"]
[TimeControl "40/5400+30:1800+30"]

1. c4 b6 2. Nc3 Bb7 3. e4 e6 4. g3 f5 5. Bg2 Nf6 6. d3 Bc5 7. Nge2 O-O 8. O-O fxe4 9. d4 Be7 10. d5 exd5 11. cxd5 Na6 12. Nf4 Bd6 13. Nh5 Nc5 14. Be3 Ba6 15. Nxf6+ Qxf6 16. Re1 Rae8 17. Bd4 Be5 18. Bxe5 Qxf2+ 19. Kh1 Rxe5 20. b4 Nd3 21. Bxe4 Qxe1+ 22. Qxe1 Nxe1 23. Rxe1 Rfe8 24. Re3 Bb7 25. Kg2 Rxe4 0-1

[Event "XXIX Cracovia 2018"]
[Site "Krakow"]
[Date "2019.01.02"]
[Round "7"]
[White "Szalko, Maciej"]
[Black "Siprashvili, Ivane"]
[Result "0-1"]
[ECO "A49"]
[WhiteElo "1889"]
[BlackElo "2074"]
[Annotator "NA"]
[PlyCount "68"]
[EventDate "2018.12.27"]
[EventType "swiss"]
[EventCountry "POL"]
[SourceTitle "playchess.com"]
[Source "ChessBase"]
[SourceQuality "1"]
[TimeControl "40/5400+30:1800+30"]

1. d4 Nf6 2. Nf3 g6 3. g3 Bg7 4. Bg2 O-O 5. O-O c6 6. c4 d6 7. Nc3 Nbd7 8. Qc2 Re8 9. Rd1 Qc7 10. b3 e5 11. Ba3 e4 12. Nd2 e3 13. fxe3 Ng4 14. Nf1 Nxe3 15. Nxe3 Rxe3 16. Ne4 f5 17. Nxd6 Bf8 18. Nxf5 gxf5 19. Qxf5 Bg7 20. Qg5 Re6 21. d5 Rg6 22. Qe7 Qe5 23. Qd8+ Nf8 24. dxc6 bxc6 25. Rab1 Bb7 26. Qd3 Re8 27. Bf3 Bc8 28. Bd6 Rxd6 29. Qxd6 Qe3+ 30. Kh1 Bf5 31. Rbc1 Bb2 32. Ra1 Be4 33. Kg2 Qxe2+ 34. Kh3 Qxf3 0-1

[Event "XXIX Cracovia 2018"]
[Site "Krakow"]
[Date "2019.01.02"]
[Round "7"]
[White "Bachor, Tomasz"]
[Black "Nikitin, Aleksander I"]
[Result "1/2-1/2"]
[ECO "A53"]
[WhiteElo "1854"]
[BlackElo "2031"]
[Annotator "NA"]
[PlyCount "116"]
[EventDate "2018.12.27"]
[EventType "swiss"]
[EventCountry "POL"]
[SourceTitle "playchess.com"]
[Source "ChessBase"]
[SourceQuality "1"]
[TimeControl "40/5400+30:1800+30"]

1. d4 Nf6 2. c4 d6 3. Nf3 Nbd7 4. Nc3 c6 5. e4 e5 6. Be2 Be7 7. h3 a6 8. a4 a5 9. Be3 O-O 10. Qc2 Re8 11. O-O-O exd4 12. Nxd4 Bf8 13. f4 Qc7 14. Bf3 Nc5 15. Rhe1 Nfd7 16. Kb1 Na6 17. g4 Ndc5 18. h4 Bd7 19. Qg2 Rad8 20. h5 Nb4 21. Re2 Qb6 22. g5 Qa6 23. Red2 Bc8 24. f5 d5 25. g6 fxg6 26. hxg6 dxe4 27. gxh7+ Kh8 28. Bh5 Qxc4 29. Bxe8 Rxe8 30. Qe2 Qf7 31. Ne6 Nxe6 32. fxe6 Bxe6 33. Rf1 Qg6 34. Qh2 Bc4 35. Rg1 Qe6 36. Rf2 Bd3+ 37. Ka1 Bd6 38. Qg2 Be5 39. Rd2 Qb3 40. Qg6 Rf8 41. Bh6 gxh6 42. Qxh6 Qf7 43. Rg8+ Rxg8 44. hxg8=Q+ Kxg8 45. Rg2+ Bg7 46. Rxg7+ Qxg7 47. Qe6+ Kh7 48. Qf5+ Kh6 49. Qh3+ Kg5 50. Qg3+ Kf6 51. Nxe4+ Bxe4 52. Qd6+ Kf5 53. Qf4+ Ke6 54. Qd6+ Kf5 55. Qf4+ Ke6 56. Qd6+ Kf7 57. Qe6+ Kf8 58. Qe8+ Kxe8 1/2-1/2

[Event "XXIX Cracovia 2018"]
[Site "Krakow"]
[Date "2019.01.03"]
[Round "8"]
[White "Klekowski, Maciej"]
[Black "Godzwon, Iwo"]
[Result "1/2-1/2"]
[ECO "A37"]
[WhiteElo "2499"]
[BlackElo "2323"]
[Annotator "ChessBase"]
[PlyCount "147"]
[EventDate "2018.12.27"]
[EventType "swiss"]
[EventCountry "POL"]
[SourceTitle "playchess.com"]
[Source "ChessBase"]
[SourceQuality "1"]
[TimeControl "40/5400+30:1800+30"]

1. c4 c5 2. Nc3 Nc6 3. g3 g6 4. Bg2 Bg7 5. Nf3 d6 6. O-O e6 7. e3 Nge7 8. d4 O-O 9. a3 cxd4 10. exd4 d5 11. c5 Nf5 12. Bg5 Qd7 13. Ne2 b6 14. g4 Nfe7 15. cxb6 axb6 16. Nc3 h6 17. Bf4 g5 18. Bg3 f5 19. gxf5 Nxf5 20. Re1 Qf7 21. Ne5 Nxe5 22. Bxe5 Bxe5 23. Rxe5 Nh4 24. Qe2 Ng6 25. Re3 Nf4 26. Qd2 Bd7 27. Rg3 Nxg2 28. Rxg2 Qf4 29. Qd3 Rf6 30. Re1 Raf8 31. Re3 Rc8 32. Ne2 Qf5 33. Qxf5 Rxf5 34. h4 Kf7 35. hxg5 Rxg5 36. Rxg5 hxg5 37. Rb3 Rb8 38. Nc1 Kf6 39. Rf3+ Ke7 40. Nd3 Rc8 41. Ne5 Be8 42. Rb3 b5 43. Rc3 Rxc3 44. bxc3 Kf6 45. Kg2 Bh5 46. Kg3 Be2 47. f3 Kf5 48. Ng4 Bd3 49. Ne3+ Kf6 50. Kf2 Bg6 51. Ng4+ Kf5 52. Ke3 Bh5 53. Nf2 e5 54. Nh1 Bg6 55. Ng3+ Ke6 56. dxe5 Kxe5 57. Ne2 Bf5 58. f4+ gxf4+ 59. Nxf4 Be4 60. Ne2 Bg2 61. Nd4 Bf1 62. Nf3+ Kd6 63. Kd4 Bc4 64. Nh4 Kc6 65. Nf5 Ba2 66. Ne3 Bb3 67. Ng4 Kb6 68. Ne5 Ka5 69. Nc6+ Ka4 70. Nb4 Kxa3 71. Nxd5 Bxd5 72. Kxd5 b4 73. cxb4 Kxb4 74. Kd4 1/2-1/2

[Event "XXIX Cracovia 2018"]
[Site "Krakow"]
[Date "2019.01.03"]
[Round "8"]
[White "Schreiner, Peter"]
[Black "Zylka, Stanislaw"]
[Result "1-0"]
[ECO "D85"]
[WhiteElo "2479"]
[BlackElo "2305"]
[Annotator "ChessBase"]
[PlyCount "131"]
[EventDate "2018.12.27"]
[EventType "swiss"]
[EventCountry "POL"]
[SourceTitle "playchess.com"]
[Source "ChessBase"]
[SourceQuality "1"]
[TimeControl "40/5400+30:1800+30"]

1. d4 Nf6 2. Nf3 g6 3. c4 Bg7 4. Nc3 d5 5. cxd5 Nxd5 6. e4 Nxc3 7. bxc3 c5 8. Be3 Qa5 9. Nd2 cxd4 10. Nc4 Qd8 11. cxd4 f5 12. exf5 Bxf5 13. Ne5 Nc6 14. Nxc6 bxc6 15. Bc4 Qa5+ 16. Bd2 Qb6 17. Bc3 Rd8 18. O-O Bxd4 19. Qf3 Qc5 20. Bxd4 Rxd4 21. Bb3 Rd3 22. Qf4 Qd6 23. Qc4 e6 24. Rac1 O-O 25. Qxc6 Rd8 26. h3 h5 27. Rfe1 Kf7 28. Qb7+ Rd7 29. Qa8 Rd2 30. Qc6 a5 31. Qf3 Kg7 32. Qc3+ Kh7 33. Red1 Qf4 34. Rxd2 Rxd2 35. Qc7+ Qxc7 36. Rxc7+ Kh6 37. Ra7 e5 38. Rxa5 e4 39. h4 e3 40. fxe3 Be4 41. Rg5 Re2 42. Bc4 Rc2 43. Be6 Re2 44. a4 Kg7 45. a5 Kf6 46. Bd5 Bxd5 47. Rxd5 Rxe3 48. Rg5 Re4 49. g3 Re2 50. Kf1 Ra2 51. Ke1 Ke7 52. Kd1 Kd7 53. Kc1 Kc7 54. Kb1 Ra3 55. Kb2 Ra4 56. Kb3 Ra1 57. Kb4 Rb1+ 58. Kc5 Ra1 59. Kb5 Rb1+ 60. Ka6 Rb3 61. Rxg6 Kc8 62. Rg5 Kc7 63. Rc5+ Kd6 64. Rxh5 Rxg3 65. Kb6 Rb3+ 66. Rb5 {[%emt 0:00:10] Kd5} 1-0

[Event "XXIX Cracovia 2018"]
[Site "Krakow"]
[Date "2019.01.03"]
[Round "8"]
[White "Golubka, Petro"]
[Black "Mosesov, Danylo"]
[Result "1/2-1/2"]
[ECO "D55"]
[WhiteElo "2464"]
[BlackElo "2343"]
[Annotator "ChessBase"]
[PlyCount "57"]
[EventDate "2018.12.27"]
[EventType "swiss"]
[EventCountry "POL"]
[SourceTitle "playchess.com"]
[Source "ChessBase"]
[SourceQuality "1"]
[TimeControl "40/5400+30:1800+30"]

1. d4 Nf6 2. c4 e6 3. Nf3 d5 4. Nc3 Be7 5. Bg5 O-O 6. e3 h6 7. Bxf6 Bxf6 8. Qc2 c5 9. dxc5 dxc4 10. Bxc4 Nd7 11. c6 bxc6 12. O-O Rb8 13. Rfd1 Qb6 14. b3 Qa5 15. Rac1 Nb6 16. Ne4 Be7 17. Bf1 Ba3 18. Rb1 Bb7 19. Nfd2 Rfd8 20. Nc4 Nxc4 21. Bxc4 Be7 22. Be2 c5 23. Nd2 Qc7 24. Bf3 Ba6 25. Nc4 Bxc4 26. Qxc4 Rxd1+ 27. Rxd1 Rd8 28. Rxd8+ Qxd8 29. g3 1/2-1/2

[Event "XXIX Cracovia 2018"]
[Site "Krakow"]
[Date "2019.01.03"]
[Round "8"]
[White "Cukrowski, Filip"]
[Black "Biriukov, Nikolai"]
[Result "1/2-1/2"]
[ECO "C67"]
[WhiteElo "2416"]
[BlackElo "2365"]
[Annotator "NA"]
[PlyCount "44"]
[EventDate "2018.12.27"]
[EventType "swiss"]
[EventCountry "POL"]
[SourceTitle "playchess.com"]
[Source "ChessBase"]
[SourceQuality "1"]
[TimeControl "40/5400+30:1800+30"]

1. e4 e5 2. Nf3 Nc6 3. Bb5 Nf6 4. O-O Nxe4 5. d4 Nd6 6. Bxc6 dxc6 7. dxe5 Nf5 8. Qxd8+ Kxd8 9. Nbd2 Ke8 10. c4 c5 11. b3 h5 12. Ne4 Nd4 13. Nxd4 cxd4 14. Bb2 c5 15. b4 cxb4 16. Bxd4 Rh6 17. Rfe1 Rc6 18. c5 Be6 19. f4 b6 20. cxb6 axb6 21. Nd6+ Bxd6 22. exd6 Rxd6 1/2-1/2

[Event "XXIX Cracovia 2018"]
[Site "Krakow"]
[Date "2019.01.03"]
[Round "8"]
[White "Lewtak, Damian"]
[Black "Nowicki, Bartosz"]
[Result "0-1"]
[ECO "B06"]
[WhiteElo "2393"]
[BlackElo "2305"]
[Annotator "NA"]
[PlyCount "70"]
[EventDate "2018.12.27"]
[EventType "swiss"]
[EventCountry "POL"]
[SourceTitle "playchess.com"]
[Source "ChessBase"]
[SourceQuality "1"]
[TimeControl "40/5400+30:1800+30"]

1. e4 d6 2. d4 g6 3. Nc3 Bg7 4. f4 a6 5. Nf3 b5 6. Be3 Bb7 7. a3 Nd7 8. d5 c5 9. dxc6 Bxc6 10. Nd4 Bb7 11. Be2 Ngf6 12. Bf3 O-O 13. Nde2 Rc8 14. O-O Qc7 15. g4 Nb6 16. b3 Nfd7 17. Bd4 e5 18. fxe5 dxe5 19. Be3 Nc5 20. a4 Rfd8 21. Qc1 b4 22. a5 Nbd7 23. Nd5 Bxd5 24. exd5 e4 25. Bg2 Ne5 26. Bf4 Qd7 27. Qe1 Qxg4 28. Bxe5 Bxe5 29. Rd1 f5 30. h3 Qg5 31. Qxb4 Qe3+ 32. Rf2 f4 33. d6 f3 34. Qc4+ Kg7 35. Nd4 Bg3 0-1

[Event "XXIX Cracovia 2018"]
[Site "Krakow"]
[Date "2019.01.03"]
[Round "8"]
[White "Goumas, Georgios"]
[Black "Kosakowski, Jakub"]
[Result "0-1"]
[ECO "C45"]
[WhiteElo "2378"]
[BlackElo "2415"]
[Annotator "NA"]
[PlyCount "78"]
[EventDate "2018.12.27"]
[EventType "swiss"]
[EventCountry "POL"]
[SourceTitle "playchess.com"]
[Source "ChessBase"]
[SourceQuality "1"]
[TimeControl "40/5400+30:1800+30"]

1. e4 e5 2. Nf3 Nc6 3. d4 exd4 4. Nxd4 Bc5 5. Nxc6 bxc6 6. Bd3 Qh4 7. Qe2 Nf6 8. Be3 Bxe3 9. Qxe3 O-O 10. O-O Re8 11. Nd2 d6 12. Rae1 a5 13. Nf3 Qh5 14. Qf4 Nd7 15. Nd4 Qc5 16. Nf3 f6 17. b3 Ba6 18. Bxa6 Rxa6 19. Re2 a4 20. Rd1 Qa3 21. e5 Qc5 22. b4 Qb5 23. Nd4 Qc4 24. e6 Ne5 25. Qg3 Ng6 26. c3 c5 27. bxc5 Qxc5 28. Rde1 Ra5 29. h3 Qc4 30. h4 Re5 31. Qf3 Nxh4 32. Qb7 Ng6 33. Rxe5 fxe5 34. Nb5 Qxe6 35. Nxc7 Qf7 36. Qb6 Rf8 37. Rf1 Nf4 38. g3 Ne2+ 39. Kg2 Qf3+ 0-1

[Event "XXIX Cracovia 2018"]
[Site "Krakow"]
[Date "2019.01.03"]
[Round "8"]
[White "Galperin, Platon"]
[Black "Kulkarni Bhakti"]
[Result "0-1"]
[ECO "C09"]
[WhiteElo "2363"]
[BlackElo "2283"]
[Annotator "NA"]
[PlyCount "119"]
[EventDate "2018.12.27"]
[EventType "swiss"]
[EventCountry "POL"]
[SourceTitle "playchess.com"]
[Source "ChessBase"]
[SourceQuality "1"]
[TimeControl "40/5400+30:1800+30"]

1. e4 e6 2. d4 d5 3. Nd2 c5 4. exd5 exd5 5. Ngf3 Nc6 6. Bb5 Qe7+ 7. Be2 Nf6 8. O-O Qc7 9. Re1 Be7 10. dxc5 O-O 11. Nb3 a5 12. a4 Bf5 13. c3 Rad8 14. h3 Ne4 15. Be3 Bg6 16. Nfd4 Nxd4 17. cxd4 f5 18. Bd2 Ra8 19. Bh5 Bh4 20. Rf1 Bxf2+ 21. Rxf2 Qg3 22. Qf3 Bxh5 23. Qxg3 Nxg3 24. Nxa5 Ne4 25. b4 Nxf2 26. Kxf2 Rfe8 27. Ra2 Re2+ 28. Kf1 f4 29. Rb2 f3 30. gxf3 Bxf3 31. Bc1 Rxb2 32. Bxb2 Bd1 33. Nxb7 Bxa4 34. Nd6 Rb8 35. Bc3 Kf8 36. Kf2 Bd7 37. Kg3 Ra8 38. Kf4 Ra3 39. Be1 Ke7 40. Nf5+ Bxf5 41. Kxf5 Rxh3 42. b5 Rb3 43. Bh4+ Kd7 44. Ke5 Rxb5 45. Kxd5 h6 46. Kc4 Ra5 47. Bg3 Ra4+ 48. Kd5 Ra6 49. Kc4 Rg6 50. Be5 Rg4 51. Kd5 Rg6 52. Kc4 Rg5 53. Kd5 h5 54. c6+ Kc8 55. Ke4 h4 56. Bf4 h3 57. Bxg5 h2 58. d5 h1=Q+ 59. Ke5 Qh5 60. Kd4 0-1

[Event "XXIX Cracovia 2018"]
[Site "Krakow"]
[Date "2019.01.03"]
[Round "8"]
[White "Lewicki, Miroslaw"]
[Black "Miroshnichenko, Pavel"]
[Result "1-0"]
[ECO "C84"]
[WhiteElo "2347"]
[BlackElo "2275"]
[Annotator "NA"]
[PlyCount "73"]
[EventDate "2018.12.27"]
[EventType "swiss"]
[EventCountry "POL"]
[SourceTitle "playchess.com"]
[Source "ChessBase"]
[SourceQuality "1"]
[TimeControl "40/5400+30:1800+30"]

1. e4 e5 2. Nf3 Nc6 3. Bb5 a6 4. Ba4 Nf6 5. O-O Be7 6. d3 b5 7. Bb3 O-O 8. c3 d5 9. Qe2 dxe4 10. dxe4 Bc5 11. h3 Qe7 12. Bg5 Na5 13. Bc2 Nc4 14. Bd3 Nd6 15. Nbd2 Bb7 16. b4 Bb6 17. a4 Qe6 18. Bxf6 Qxf6 19. axb5 axb5 20. Rxa8 Rxa8 21. Bxb5 Ra3 22. Rc1 Qf4 23. Bd3 c5 24. g3 Qf6 25. Kg2 cxb4 26. cxb4 h6 27. Nc4 Nxc4 28. Bxc4 Kh7 29. b5 Qg6 30. Bd5 Bxd5 31. exd5 f6 32. Rc6 Ba5 33. Nxe5 Qf5 34. Ng4 Qxd5+ 35. Kh2 Ra1 36. Nxf6+ gxf6 37. Qe7+ 1-0

[Event "XXIX Cracovia 2018"]
[Site "Krakow"]
[Date "2019.01.03"]
[Round "8"]
[White "Eggink, Ryszard"]
[Black "Dietmayer-Kraeutler, Marco"]
[Result "0-1"]
[ECO "D00"]
[WhiteElo "2343"]
[BlackElo "2311"]
[Annotator "NA"]
[PlyCount "64"]
[EventDate "2018.12.27"]
[EventType "swiss"]
[EventCountry "POL"]
[SourceTitle "playchess.com"]
[Source "ChessBase"]
[SourceQuality "1"]
[TimeControl "40/5400+30:1800+30"]

1. d4 d5 2. Bf4 Nf6 3. e3 c5 4. Nf3 Nc6 5. c3 Qb6 6. Qb3 c4 7. Qc2 Bf5 8. Qc1 h6 9. h3 g5 10. Bh2 Bg7 11. Nbd2 Rc8 12. g4 Bh7 13. Be2 Nd7 14. h4 f6 15. hxg5 fxg5 16. O-O O-O 17. e4 dxe4 18. Ne1 Na5 19. Ng2 e5 20. d5 Nc5 21. Nxc4 Nxc4 22. Bxc4 Nd3 23. Bxd3 exd3 24. c4 Qd4 25. Ne3 b5 26. b3 d2 27. Qa3 Rxf2 28. Kxf2 Rf8+ 29. Qxf8+ Bxf8 30. Bg1 Bc5 31. Kg2 Be4+ 32. Kh2 Qd3 0-1

[Event "XXIX Cracovia 2018"]
[Site "Krakow"]
[Date "2019.01.03"]
[Round "8"]
[White "Heinzel, Olaf"]
[Black "Lukasiewicz, Krzysztof"]
[Result "1-0"]
[ECO "D00"]
[WhiteElo "2326"]
[BlackElo "2223"]
[Annotator "NA"]
[PlyCount "61"]
[EventDate "2018.12.27"]
[EventType "swiss"]
[EventCountry "POL"]
[SourceTitle "playchess.com"]
[Source "ChessBase"]
[SourceQuality "1"]
[TimeControl "40/5400+30:1800+30"]

1. d4 d5 2. Bf4 Nf6 3. e3 c5 4. Nc3 cxd4 5. exd4 a6 6. Nf3 Nc6 7. Ne5 e6 8. Be2 Qb6 9. Nxc6 Qxc6 10. O-O Be7 11. a4 b6 12. Bd3 O-O 13. Qe2 Qb7 14. Rfe1 Bd7 15. g4 Rfc8 16. g5 Ne8 17. Qf3 Bf8 18. Re3 g6 19. Be5 Bg7 20. Qf4 Bxe5 21. dxe5 Ng7 22. Rh3 Qc7 23. Nd1 Nh5 24. Rxh5 gxh5 25. Bxh7+ Kf8 26. g6 Kg7 27. Qxf7+ Kh6 28. g7 Be8 29. g8=N+ Kg5 30. Qf6+ Kg4 31. Ne3+ 1-0